 Dungeon Crawl Stone Soup version 0.27-a0-93-g19769c27d7 (webtiles) character file.

Game seed: 15292176848718126986

11 dickylongcocking the Shield-Bearer (level 2, 24/24 HPs)
             Began as a Formicid Fighter on Jan 16, 2021.
             Quit the game on level 1 of the Dungeon.
             The game lasted 00:00:18 (335 turns).

dickylongcocking the Shield-Bearer (FoFi)            Turns: 335, Time: 00:00:19

Health: 24/24      AC:  6    Str: 20    XL:     2   Next: 40%
Magic:  2/2        EV:  8    Int:  7    God:
Gold:   0          SH:  9    Dex: 10    Spells: 1/1 levels left

rFire    . . .     SeeInvis +   d - +0 club
rCold    . . .     Faith    .   b - +0 kite shield
rNeg     . . .     Spirit   .   a - +0 scale mail
rPois    .         Reflect  .   (helmet unavailable)
rElec    .         Harm     .   (no cloak)
rCorr    .         Rampage  .   (no gloves)
Will     .....                  (no boots)
Stlth    ..........             (no amulet)
HPRegen  0.08/turn              (no ring)
MPRegen  0.08/turn              (no ring)

@: no status effects
A: permanent stasis, dig shafts and tunnels, four strong arms, antennae 3
a: Dig, Shaft Self


You were on level 1 of the Dungeon.
You visited 1 branch of the dungeon, and saw 1 of its levels.

Inventory:

Hand Weapons
 d - a +0 club (weapon)
Armour
 a - a +0 scale mail (worn)
 b - a +0 kite shield (worn)
Scrolls
 e - a scroll of enchant armour {unknown}
Potions
 c - a potion of might


   Skills:
 * Level 3.6 Fighting
 - Level 3.3 Armour
 * Level 4.1 Shields
 - Level 2.0 Unarmed Combat


You had one spell level left.
You didn't know any spells.
Your spell library was empty.

Dungeon Overview and Level Annotations

Branches:
Dungeon (1/15)

Altars:


Innate Abilities, Weirdness & Mutations

You cannot be hasted, slowed, berserked, paralysed or teleported.
You can dig through walls and to a lower floor.
Your four strong arms can wield two-handed weapons with a shield.
You have a pair of large antennae on your head. (SInv)


Message History

The gnoll hits you with a +0 spear.
You are too injured to fight recklessly!
You hit the gnoll.
The gnoll is almost dead.
You block the gnoll's attack. The gnoll hits you with a +0 spear.
* * * LOW HITPOINT WARNING * * *
You hit the gnoll.
You kill the gnoll!
Your Shields skill increases to level 4!
You have reached level 2!
HP restored.
You sense a monster nearby.
Okay, then.
Autopickup is now off.
Assign waypoint to what number? (0-9)
Okay, then.
Unknown command.
Okay, then.
Unknown command.
Are you sure you want to abandon this character and quit the game? (Confirm with "yes".)

...... .#.##
.......####.... {{
...........##.#
###...........##.##
...................
###...#####....##.##
.................#
#...≈.≈.......###
#@..≈⌠≈.......#
##...≈.........#
#...)..........#
#.....###......#
#....## #......#
#....# ########
###### ### ....#####
###.......###


There were no monsters in sight!

Vanquished Creatures
  A gnoll (D:1)
  A hobgoblin (D:1)
  A frilled lizard (D:1)
3 creatures vanquished.

Notes
Turn   | Place    | Note
-------+----------+-------------------------------------------
     0 | D:1      | dickylongcocking the Formicid Fighter began the quest for
                  | the Orb.
     0 | D:1      | Reached XP level 1. HP: 18/18 MP: 1/1
    62 | D:1      | Reached skill level 4 in Shields
    62 | D:1      | Reached XP level 2. HP: 2/24 MP: 2/2
   335 | D:1      | Quit the game

Illustrated notes

Levels and vault maps discovered:
D:1:      dpeg_arrival_oval, layout_basic, hangedman_decor_peaks_small,
          corexii_leaking_fountain

Skill      XL: |  1 |
---------------+----+-----
Shields        | 4 |  4.1
Fighting       | |  3.6
Armour         | |  3.3
Unarmed Combat | |  2.0

Action                   || total
-------------------------++-------
Melee: Club              ||     8
       Unarmed           ||     5
Armor: Scale mail        ||     2
Dodge: Dodged            ||     4
Block: Kite shield       ||     5

Table legend: (Time is in decaauts)
 A = Elapsed time spent in this place.
 B = Non-inter-level travel time spent in this place.
 C = Inter-level travel time spent in this place.
 D = Time resting spent in this place.
 E = Time spent auto-exploring this place.
 F = Levels seen in this place.
 G = Mean time per level.
                   A        B        C        D        E       F      G
               +--------+--------+--------+--------+--------+-----+--------+
         Total |    337 |    337 |      0 |      0 |    300 |   1 |  337.0 |
       Dungeon |    337 |    337 |      0 |      0 |    300 |   1 |  337.0 |
               +--------+--------+--------+--------+--------+-----+--------+

Top non-repeatable levels by time:
     D:1: 337 daAuts
